 Dungeon Crawl Stone Soup version 0.28-a0-514-g0d7ab7f379 (webtiles) character file.

Game seed: 10452046726011115767

615 MikuNakano the Slasher (level 7, -6/48 HPs)
             Began as an Octopode Fighter on Sept 22, 2021.
             Hit by a boomerang thrown by an orc warrior (13 damage)
             ... on level 5 of the Dungeon.
             The game lasted 00:06:13 (3703 turns).

MikuNakano the Slasher (Octopode Fighter)           Turns: 3703, Time: 00:06:13

Health: -6/48      AC:  1    Str: 16    XL:     7   Next: 45%
Magic:  7/7        EV: 14    Int: 10    God:
Gold:   163        SH:  5    Dex: 13    Spells: 6/6 levels left

rFire   . . .      SeeInvis .   a - +1 long sword (freeze)
rCold   + . .      Faith    .   b - +0 buckler
rNeg    . . .      Spirit   .   (helmet restricted)
rPois   .          Reflect  .   l - amulet of magic regeneration
rElec   .          Harm     .   f - ring of resist corrosion
rCorr   +          Rampage  .   h - ring of willpower
Will    +....                   o - ring of protection from cold
Stlth   ++........              (no ring)
HPRegen 0.16/turn               (no ring)
MPRegen 0.35/turn               (no ring)
                                (no ring)
                                (no ring)

@: no status effects
A: almost no armour, amphibious, 8 rings, camouflage 1, gelatinous body 1,
(nimble swimmer 1), tentacles
a: no special abilities


You were on level 5 of the Dungeon.
You visited 1 branch of the dungeon, and saw 5 of its levels.

You collected 163 gold pieces.

Inventory:

Hand Weapons
 a - a +1 long sword of freezing (weapon)
Armour
 b - a +0 buckler (worn)
Jewellery
 f - a ring of resist corrosion (left tentacle)
 h - a ring of willpower (right tentacle)
 l - an amulet of magic regeneration (around mantle)
 o - a ring of protection from cold (on tentacle)
Scrolls
 q - a scroll of noise {unknown}
 r - a scroll of blinking
Potions
 c - a potion of might
 d - a potion of resistance {unknown}
 e - a potion of mutation {unknown}
 g - a potion of brilliance {unknown}
 i - 2 potions of curing {unknown}
 k - a potion of haste {unknown}
 n - a potion of heal wounds {unknown}


   Skills:
 + Level 4.1 Fighting
 * Level 6.9 Long Blades
 + Level 3.7 Dodging
 - Level 0.1 Stealth
 + Level 3.4 Shields


You had 6 spell levels left.
You didn't know any spells.
Your spell library contained the following spells:

 Spells                   Type           Power      Damage    Failure   Level
 Blink                    Tloc           N/A        N/A       52%         2
 Passwall                 Tmut/Erth      0%         N/A       52%         2
 Ignite Poison            Fire/Tmut/Pois 0%         N/A       77%         3
 Mephitic Cloud           Conj/Pois/Air  0%         N/A       77%         3
 Swiftness                Air            0%         N/A       77%         3
 Freezing Cloud           Conj/Ice/Air   0%         6-21      100%        5
 Manifold Assault         Tloc           0%         N/A       100%        5
 Invisibility             Hex            0%         N/A       100%        6
 Storm Form               Tmut/Air       0%         N/A       100%        7


Dungeon Overview and Level Annotations

Branches:
Dungeon (5/15)             Temple (0/1) D:4

Altars:
Wu Jian

Shops:
D:4 =


Innate Abilities, Weirdness & Mutations

You cannot wear most types of armour.
You are amphibious.
You can wear up to eight rings at the same time.
Your skin changes colour to match your surroundings (Stealth+).
Your rubbery body absorbs attacks. (AC +1, EV +1)
((You are camouflaged near water. (Stealth+)))
You have tentacles for arms and can constrict up to eight enemies at once.


Message History

You block the orc's attack.
You closely miss the orc. Your grab misses the orc.
The orc hits you with a +0 flail. The orc barely misses you.
You slash the orc! You freeze the orc.
You kill the orc!
Things that are here:
a +0 short sword; an orc corpse The orc warrior shouts!
The orc warrior throws a boomerang.
The boomerang closely misses you.
You barely miss the orc warrior. You grab the orc warrior.
You squeeze the orc warrior, but do no damage.
You constrict the orc warrior, but do no damage.
The orc warrior hits you with a +0 halberd!
The orc warrior barely misses you.
You hit the orc warrior but do no damage.
You constrict the orc warrior. The orc warrior misses you.
You hit the orc warrior but do no damage.
The orc warrior is lightly wounded.
You constrict the orc warrior. You block the orc warrior's attack.
You hit the orc warrior. You freeze the orc warrior.
You squeeze the orc warrior, but do no damage.
The orc warrior is moderately wounded.
You constrict the orc warrior, but do no damage.
The orc warrior barely misses you.
You hit the orc warrior. You freeze the orc warrior.
The orc warrior is moderately wounded.
You constrict the orc warrior, but do no damage.
The orc warrior hits you with a +0 halberd!!
Ouch! That really hurt!
* * * LOW HITPOINT WARNING * * *
You are too injured to fight recklessly!
You are too injured to fight recklessly!
You are too injured to fight recklessly!
You are too injured to fight recklessly!
You release your grip on the orc warrior.
The orc warrior closely misses you.
Okay, then.
You see here a book of Hexes.
The orc warrior throws a boomerang.
The boomerang hits you!
You die...

# . .#
############.####
....[............
#.....$.......
####.#)..o.......
#.....@:#####.##.
#.##.....#
#.###..#.# #.#
#....# #.#
#...... #.#
##.#### #.# ...
#.# #.#. #.#


You could see an orc warrior.

Vanquished Creatures
  Sigmund (D:3)
  A scorpion (D:4)
  3 wights (D:4)
  A jelly (D:4)
  An iguana (D:4)
  Jessica (D:3)
  An orc wizard (D:4)
  4 adders
  4 gnolls
  An adder skeleton (D:4)
  A dart slug (D:2)
  10 orcs
  3 ball pythons
  4 bats
  4 endoplasms
  A giant cockroach (D:2)
  15 goblins
  6 hobgoblins
  2 jackals (D:4)
  5 kobolds
  2 quokkas
  7 frilled lizards
  9 rats
87 creatures vanquished.

Vanquished Creatures (others)
  7 plants (D:3)
7 creatures vanquished.

Grand Total: 94 creatures vanquished

Notes
Turn   | Place    | Note
-------+----------+-------------------------------------------
     0 | D:1      | MikuNakano the Octopode Fighter began the quest for the
                  | Orb.
     0 | D:1      | Reached XP level 1. HP: 16/16 MP: 1/1
    91 | D:1      | Reached XP level 2. HP: 21/21 MP: 2/2
   651 | D:2      | Found a faded altar of an unknown god.
   675 | D:2      | Reached XP level 3. HP: 26/26 MP: 3/3
  1052 | D:2      | Reached skill level 3 in Long Blades
  1204 | D:3      | Noticed Jessica
  1209 | D:3      | Killed Jessica
  1210 | D:3      | Reached XP level 4. HP: 29/31 MP: 4/4
  1346 | D:3      | Noticed Sigmund
  1356 | D:3      | Killed Sigmund
  1357 | D:3      | Reached skill level 5 in Long Blades
  1357 | D:3      | Reached XP level 5. HP: 36/37 MP: 5/5
  1357 | D:3      | Reached XP level 6. HP: 41/43 MP: 6/6
  1541 | D:3      | Found an ornate altar of the Wu Jian Council.
  2495 | D:4      | Reached skill level 6 in Long Blades
  2567 | D:4      | HP: 1/43 [gnoll (14)]
  2873 | D:4      | Reached XP level 7. HP: 47/48 MP: 7/7
  3131 | D:4      | Found a staircase to the Ecumenical Temple.
  3368 | D:4      | Found Abock's Jewellery Boutique.
  3516 | D:5      | Entered Level 5 of the Dungeon
  3703 | D:5      | Hit by a boomerang thrown by an orc warrior

Illustrated notes

Levels and vault maps discovered:
D:1:      eino_arrival_water_cross, layout_rooms
D:2:      layout_rooms, ebering_ecumenical_altar_rust
D:3:      layout_loops_ring, lemuel_tele_altar, minmay_lizard_king,
          uniq_sigmund, uniq_jessica
D:4:      layout_gridville, temple_hall, serial_shops, shop, minmay_box_of_dots
D:5:      layout_basic

Skill      XL: |  1  2  3  4  5  6 |
---------------+-------------------+-----
Long Blades    | 3 5 6 |  6.9
Fighting       | 4 |  4.1
Dodging        | |  3.7
Stealth        | |  0.1
Shields        | |  3.4

Action                   |  1- 3 |  4- 6 |  7- 9 || total
-------------------------+-------+-------+-------++-------
Melee: Long sword        |    48 |    64 |    47 ||   159
       Constrict         |    14 |    20 |    10 ||    44
       Tentacles         |     6 |    11 |     8 ||    25
  Use: Scroll            |     3 |       |     3 ||     6
 Stab: Sleeping          |     9 |     9 |     2 ||    20
Armor: Skin              |     2 |     3 |     1 ||     6
Dodge: Dodged            |    16 |    32 |    22 ||    70
Block: Buckler           |     3 |     8 |     8 ||    19

Table legend: (Time is in decaauts)
 A = Elapsed time spent in this place.
 B = Non-inter-level travel time spent in this place.
 C = Inter-level travel time spent in this place.
 D = Time resting spent in this place.
 E = Time spent auto-exploring this place.
 F = Levels seen in this place.
 G = Mean time per level.
                   A        B        C        D        E       F      G
               +--------+--------+--------+--------+--------+-----+--------+
         Total |   3730 |   3638 |     92 |    282 |   2760 |   5 |  746.0 |
       Dungeon |   3730 |   3638 |     92 |    282 |   2760 |   5 |  746.0 |
               +--------+--------+--------+--------+--------+-----+--------+

Top non-repeatable levels by time:
     D:3: 1222 daAuts
     D:4: 1149 daAuts
     D:1: 642 daAuts
     D:2: 528 daAuts
     D:5: 188 daAuts
